 Dungeon Crawl Stone Soup version 0.29.1-14-g9c671dbff4 (webtiles) character file.

Game seed: 1568925220260594985

3108 a11behringer the Cleaver (level 9, 0/75 HPs)
             Began as a Palentonga Berserker on Feb 14, 2023.
             Was a Priest of Trog.
             Succumbed to a gnoll sergeant's poison
             ... on level 7 of the Dungeon.
             The game lasted 00:13:29 (7781 turns).

a11behringer the Cleaver (Palentonga Berserker)     Turns: 7781, Time: 00:13:31

Health: 0/75       AC:  8    Str: 32    XL:     9   Next: 60%
Magic:  9/9        EV: 23    Int:  9    God:    Trog [***...]
Gold:   200        SH:  0    Dex:  9    Spells: 8/8 levels left

rFire   . . .      SeeInvis +   I - +8 battleaxe
rCold   . . .      Faith    .   (shield currently unavailable)
rNeg    . . .      Spirit   .   G - +0 chain mail
rPois   +          Reflect  .   (no helmet)
rElec   .          Harm     .   (no cloak)
rCorr   .          Rampage  .   (no gloves)
Will    .....                   (no barding)
Stlth   ..........              h - amulet of the acrobat
HPRegen 0.22/turn               w - ring of poison resistance
MPRegen 0.11/turn               B - +6 ring of strength

@: lethally poisoned (0 -> -2), acrobatic
A: large, rugged brown scales 3, see invisible, deformed body, roll 1, armoured
tail, reflexive curl
a: Rolling Charge, Renounce Religion, Berserk, Trog's Hand


You were on level 7 of the Dungeon.
You worshipped Trog.
Trog was most pleased with you.
You visited 1 branch of the dungeon, and saw 7 of its levels.

You collected 200 gold pieces.

Inventory:

Hand Weapons
 a - a +0 hand axe
 i - a +0 sling
 x - the +5 spear of the Twisting Gods {spect, rCorr}
   (You found it on level 3 of the Dungeon)

   When its wielder attacks, the weapon's spirit leaps out and strikes again.
   The spirit shares a part of any damage it takes with its wielder.
   rCorr:     It protects you from acid and corrosion.
 F - a +0 war axe
 I - a +8 battleaxe (weapon)
Missiles
 p - 12 poisoned darts
Armour
 b - a +0 animal skin
 j - a +0 leather armour
 z - a scarf of invisibility
 G - a +0 chain mail (worn)
Jewellery
 h - an amulet of the acrobat (around neck)
 w - a ring of poison resistance (left hand)
 B - a +6 ring of strength (right hand)
Wands
 u - a wand of light (10)
Scrolls
 d - 6 scrolls of identify {unknown}
 f - 2 scrolls of fear {unknown}
 m - 2 scrolls of amnesia {unknown}
 o - 2 scrolls of vulnerability {unknown}
 q - a scroll of torment {unknown}
 v - a scroll of enchant weapon {unknown}
 y - 2 scrolls of teleportation {unknown}
 A - a scroll of blinking {unknown}
 D - a scroll of brand weapon {unknown}
 E - a scroll of poison {unknown}
Potions
 c - 2 potions of curing {unknown}
 e - 2 potions of invisibility {unknown}
 g - 3 potions of flight {unknown}
 k - 4 potions of mutation {unknown}
 l - 2 potions of might {unknown}
 n - 3 potions of haste {unknown}
 r - a potion of degeneration {unknown}
 s - 2 potions of heal wounds {unknown}
 t - a potion of lignification {unknown}
 C - 2 potions of ambrosia {unknown}
 H - a potion of brilliance {unknown}


   Skills:
 + Level 6.8 Fighting
 * Level 9.3(9.7) Axes
 - Level 3.7(6.6) Polearms
 * Level 4.0 Armour
 + Level 4.5 Dodging


You had 8 spell levels left.
You didn't know any spells.
Your spell library was empty.

Dungeon Overview and Level Annotations

Branches:
Dungeon (7/15)             Temple (0/1) D:5

Altars:

Shops:
D:5 =   D:7 ?

Portals:
Abyss: D:5


Innate Abilities, Weirdness & Mutations

You are completely covered in rugged brown scales. (AC +3, +7% HP)
You have supernaturally acute eyesight. (SInv)
Armour fits poorly on your strangely shaped body.
You can roll at nearby foes to attack.
You have a long armoured tail.
You curl defensively after being hit. (AC +7*)


Message History

You hit the yak but do no damage. You tail-slap the yak!
The yak is heavily wounded.
The yak gores you.
You hit the yak.
The yak is heavily wounded.
The yak closely misses you.
You barely miss the yak.
The yak is heavily wounded.
The yak gores you but does no damage.
You slice the yak!!
You kill the yak!
Trog accepts your kill.
Your Armour skill increases to level 4!
You hit the yak but do no damage. The yak gores you!
The yak gores you but does no damage.
You are too injured to fight recklessly!
You are too injured to fight recklessly!
You closely miss the yak.
The gnoll sergeant hits you from afar with a +0 spear of venom.
You are poisoned.
The yak gores you but does no damage.
You hit the yak.
The yak is lightly wounded.
You feel sick.
The gnoll sergeant hits you from afar with a +0 spear of venom!
The yak gores you.
* * * LOW HITPOINT WARNING * * *
You slice the yak!!
The yak is severely wounded.
You feel sick.
The gnoll sergeant hits you from afar with a +0 spear of venom.
* * * LOW HITPOINT WARNING * * *
The yak closely misses you.
You slash the yak!
The yak is almost dead.
You feel sick.
The gnoll sergeant hits you from afar with a +0 spear of venom!
* * * LOW HITPOINT WARNING * * *
The yak gores you but does no damage.
You die...

....... #.######..##..88
....... ##+### ##..##....
....... #....# #.†.##....
....... #....###...######
....... #....#.....######
....... #....#.##........
......Y####......##........
......ggY.##.##.######.....
......g##.@..##.# .....
....... ###..##.# .....
....... #..##.. .. ∩....Y.
#..#... ####..Y ##......
#..Y ...#... #..$ .>.# ...


You could see 2 yaks, a gnoll sergeant and a gnoll.

Vanquished Creatures
  The ghost of AverageBear the Chopper, a novice DsFi of Gozag (D:5)
  Grinder (D:6)
  3 yaks (D:7)
  Menkaure (D:4)
  3 water moccasins
  An ice beast (D:5)
  A black bear (D:6)
  3 ogres
  2 bullfrogs
  2 small abominations (D:5)
  A scorpion (D:2)
  10 wights
  A hound (D:4)
  A jelly (D:5)
  An orc priest (D:5)
  A gnoll bouda (D:5)
  An iguana (D:6)
  Natasha (twice) (D:2)
  An orc wizard (D:4)
  10 gnolls
  8 adders
  A worm (D:2)
  17 orcs
  10 endoplasms
  5 giant cockroaches
  9 hobgoblins
  2 jackals (D:2)
  4 quokkas
  4 ball pythons
  7 bats
  3 frilled lizards
  6 goblins
  4 kobolds
  8 rats
135 creatures vanquished.

Notes
Turn   | Place    | Note
-------+----------+-------------------------------------------
     0 | D:1      | a11behringer the Palentonga Berserker began the quest for
                  | the Orb.
     0 | D:1      | Reached XP level 1. HP: 19/19 MP: 1/1
   195 | D:1      | Reached XP level 2. HP: 25/25 MP: 2/2
   368 | D:1      | Found a faded altar of an unknown god.
   404 | D:1      | Reached XP level 3. HP: 30/31 MP: 3/3
   692 | D:1      | Reached skill level 4 in Axes
  1509 | D:2      | Reached ** piety under Trog
  1655 | D:2      | Noticed Natasha
  1667 | D:2      | Killed Natasha
  1668 | D:2      | Reached XP level 4. HP: 15/37 MP: 4/4
  2182 | D:2      | Noticed a scorpion
  2191 | D:2      | Killed a scorpion
  2192 | D:2      | Reached skill level 5 in Axes
  2192 | D:2      | Reached XP level 5. HP: 40/43 MP: 5/5
  2377 | D:2      | Noticed Natasha
  2388 | D:2      | Killed Natasha
  3294 | D:3      | Identified the +5 spear of the Twisting Gods {spect, rCorr}
  3912 | D:4      | Noticed Menkaure
  3917 | D:4      | Killed Menkaure
  3918 | D:4      | Reached skill level 6 in Axes
  3918 | D:4      | Reached XP level 6. HP: 25/51 MP: 6/6
  4928 | D:5      | Entered Level 5 of the Dungeon
  4965 | D:5      | Gained mutation: You curl defensively after being hit. (AC
                  | +7*) [Palentonga growth]
  4965 | D:5      | Reached XP level 7. HP: 3/57 MP: 7/7
  5309 | D:5      | Found a transporter.
  5317 | D:5      | Reached skill level 7 in Axes
  5834 | D:5      | Noticed AverageBear's ghost (novice DsFi)
  5904 | D:5      | Found a one-way gate to the infinite horrors of the Abyss.
  6073 | D:5      | Reached skill level 8 in Axes
  6278 | D:5      | Found Norenom's One-of-a-Kind Rings.
  6483 | D:5      | Found a transporter.
  6523 | D:5      | Found a staircase to the Ecumenical Temple.
  6642 | D:5      | Reached skill level 1 in Polearms
  6645 | D:5      | Reached XP level 8. HP: 65/65 MP: 8/8
  6648 | D:5      | Killed AverageBear's ghost
  6649 | D:5      | Reached skill level 5 in Fighting
  7055 | D:6      | Reached *** piety under Trog
  7063 | D:6      | Reached XP level 9. HP: 66/74 MP: 9/9
  7333 | D:6      | Noticed Grinder
  7337 | D:6      | Killed Grinder
  7758 | D:7      | Found Zeeqi's Magic Scroll Boutique.
  7766 | D:7      | Reached skill level 9 in Axes
  7780 | D:7      | HP: 1/75 [gnoll sergeant/+0 spear of venom (12)]
  7781 | D:7      | Succumbed to a gnoll sergeant's poison

Illustrated notes

Levels and vault maps discovered:
D:1:      spicycebolla_arrival_risky_transporter, layout_basic,
          basic_ecumenical_altar, minmay_misc_feat_four_crosses
D:2:      layout_loops_ring, bh_walls_and_bars, uniq_natasha
D:3:      layout_rooms
D:4:      layout_loops_corners, chequers_garden, uniq_menkaure
D:5:      layout_basic, minmay_temple_entry_fiery,
          gammafunk_ghost_abyssal_escape, nicolae_shop_unique_rings
D:6:      layout_loops_cross, uniq_grinder
D:7:      layout_basic, mainiacjoe_overflow_chevrons, jmf_multi_god_temple2,
          serial_shops, shop

Skill      XL: |  1  2  3  4  5  6  7  8  9 |
---------------+----------------------------+-----
Axes           | 4 5 6 8 9 |  9.3
Dodging        | 2 3 4 |  4.5
Fighting       | 4 6 |  6.8
Polearms       | 1 3 |  3.7
Armour         | 2 4 |  4.0

Action                   |  1- 3 |  4- 6 |  7- 9 || total
-------------------------+-------+-------+-------++-------
Melee: Hand axe          |    94 |   165 |    55 ||   314
       Tailslap          |     6 |    21 |    18 ||    45
       Punch             |       |     2 |     2 ||     4
       Spear             |       |       |    43 ||    43
       Battleaxe         |       |       |    41 ||    41
Invok: Berserk           |       |     2 |     3 ||     5
       Trog's Hand       |       |     2 |     3 ||     5
 Stab: Sleeping          |     1 |     2 |       ||     3
Armor: Animal skin       |    25 |    47 |    12 ||    84
       Chain mail        |       |       |    24 ||    24
Dodge: Dodged            |    43 |   106 |    69 ||   218
